 Dungeon Crawl Stone Soup version 0.29.0-5-ge4962eb29e (webtiles) character file.

Game seed: 7156790370858213397

83 GigaChad the Slasher (level 4, -10/36 HPs)
             Began as a Minotaur Chaos Knight on Aug 26, 2022.
             Was a Plaything of Xom.
             Killed from afar by an orc (19 damage)
             ... with a bolt of acid
             ... on level 3 of the Dungeon on Aug 29, 2022.
             The game lasted 00:04:38 (1611 turns).

GigaChad the Slasher (Minotaur Chaos Knight)        Turns: 1611, Time: 00:04:39

Health: -10/36     AC:  5    Str: 19    XL:     4   Next: 22%
Magic:  3/3        EV: 10    Int:  9    God:    Xom [.*....]
Gold:   107        SH:  0    Dex:  9    Spells: 3/3 levels left

rFire   . . .      SeeInvis .   k - +4 quarterstaff (chaos)
rCold   . . .      Faith    .   (shield currently unavailable)
rNeg    . . .      Spirit   .   m - +0 ring mail
rPois   .          Reflect  .   (helmet restricted)
rElec   .          Harm     .   (no cloak)
rCorr   .          Rampage  .   (no gloves)
Will    .....                   (no boots)
Stlth   ..........              (no amulet)
HPRegen 0.12/turn               (no ring)
MPRegen 0.08/turn               (no ring)

@: no status effects
A: horns 2, retaliatory headbutt, frail 1, subdued magic 1
a: Renounce Religion


You were on level 3 of the Dungeon.
You worshipped Xom.
You were a plaything of Xom.
You visited 1 branch of the dungeon, and saw 3 of its levels.

You collected 107 gold pieces.

Inventory:

Hand Weapons
 a - a +0 falchion of chaos
 k - a +4 quarterstaff of chaos (weapon)
Armour
 b - a +2 leather armour
 m - a +0 ring mail (worn)
Magical Staves
 i - a staff of earth
Wands
 d - a wand of roots (12)
Scrolls
 e - a scroll of silence {unknown}
 o - a scroll of enchant armour {unknown}
Potions
 f - a potion of curing {unknown}
 g - a potion of degeneration {unknown}
 h - 2 potions of brilliance {unknown}
 j - a potion of lignification {unknown}
 l - a potion of might {unknown}
 n - a potion of heal wounds {unknown}
Miscellaneous
 c - a piece from Xom's chessboard (15/15) (quivered)


   Skills:
 + Level 4.6 Fighting
 + Level 5.1 Long Blades
 + Level 0.7 Staves
 + Level 2.7 Armour
 + Level 1.3 Dodging


You had 3 spell levels left.
You didn't know any spells.
Your spell library contained the following spells:

 Spells                   Type           Power      Damage    Failure   Level
 Magic Dart               Conj           0%         1d3       52%         1
 Searing Ray              Conj           0%         2d4       67%         2
 Fulminant Prism          Conj/Hex       0%         3d6       99%         4
 Borgnjor's Revivificati  Necr           0%         N/A       100%        8
 Necromutation            Tmut/Necr      0%         N/A       100%        8
 Death's Door             Necr           0%         N/A       100%        9


Dungeon Overview and Level Annotations

Branches:
Dungeon (3/15)

Altars:

Annotations:
D:3 Robin


Innate Abilities, Weirdness & Mutations

You have a pair of horns on your head.
You reflexively headbutt those who attack you in melee.
You are frail. (-10% HP)
Your spells are a little easier to cast, but a little less powerful.


Message History

A goblin comes into view. It is wielding a +0 dagger.
Robin throws the goblin at you!
The hobgoblin hits you but does no damage.
An orc comes into view. It is wielding a +0 trident.
The goblin completely misses you. You furiously retaliate!
You headbutt the goblin. The goblin barely misses you. You furiously retaliate!
You headbutt the goblin.
You strike the helpless goblin from behind!
You sock the goblin! You burn the goblin.
You kill the goblin!
The goblin shouts!
Robin throws the goblin at you!
The hobgoblin hits you but does no damage.
The goblin hits you but does no damage.
The worm bites the goblin!
The goblin is killed!
The goblin hits you with a +0 dagger. The goblin attacks as you move away!
The goblin hits you but does no damage. The hobgoblin attacks as you move away!
The hobgoblin hits you. Robin throws the goblin at you!
The goblin barely misses you. The goblin hits you but does no damage.
The worm bites you!
Items here: )))) †.
You thump the worm!
You kill the worm!
Robin roars a battlecry!
The goblins go into a battle-frenzy!
The goblin hits you with a +0 club. The goblin hits you but does no damage.
An orc comes into view. It is wielding a +0 club.
The goblin hits you with a +0 dagger.
* * * LOW HITPOINT WARNING * * *
The goblin attacks as you move away! The goblin barely misses you.
The orc shouts! "This might be better!"
The goblin suddenly seems more resistant.
Robin says, "Kneel, worm!"
The orc zaps a wand.
The bolt of acid hits the goblin!
The goblin dies!
The bolt of acid hits you!!
Ouch! That really hurt!
You die...
Xom is highly amused!

.# ......# .# ##.#..#
.##.# .#######.#..# ..#.#
............# #.#.####
.........##.######.#.#...
###########.##.. ...... #
#)##.# #...# #
#.##.###)o.# #
#....†@)gg.# #
####.###ggo.g.w. # #>#
###.#o#.. #.# )# # #.# .
#.. (. ### ##


You could see Robin, 3 orcs, a hobgoblin (strong) and 3 goblins.

Vanquished Creatures
  Crazy Yiuf (D:2)
  A worm (D:3)
  2 dart slugs
  5 ball pythons
  2 endoplasms (D:2)
  10 goblins
  9 hobgoblins
  3 jackals (D:1)
  A quokka (D:1)
  4 bats
  4 frilled lizards
  A kobold (D:1)
  A rat (D:1)
44 creatures vanquished.

Vanquished Creatures (others)
  A goblin (D:3)
1 creature vanquished.

Grand Total: 45 creatures vanquished

Notes
Turn   | Place    | Note
-------+----------+-------------------------------------------
     0 | D:1      | GigaChad the Minotaur Chaos Knight began the quest for the
                  | Orb.
     0 | D:1      | Reached XP level 1. HP: 19/19 MP: 0/0
    21 | D:1      | XOM: potion effect (brilliance)
    26 | D:1      | Reached skill level 4 in Long Blades
   185 | D:1      | Reached XP level 2. HP: 23/27 MP: 1/1
   627 | D:1      | XOM: give mutations
   627 | D:1      | Gained mutation: You occasionally shout uncontrollably at
                  | your foes. [Xom's mischief]
   627 | D:1      | Lost mutation: You occasionally shout uncontrollably at
                  | your foes. [Xom's mischief]
   627 | D:1      | Gained mutation: You are frail. (-10% HP) [Xom's mischief]
   627 | D:1      | Gained mutation: Your spells are a little easier to cast,
                  | but a little less powerful. [Xom's mischief]
   967 | D:2      | Found a runed translucent door.
   968 | D:2      | Noticed Crazy Yiuf
   976 | D:2      | Killed Crazy Yiuf
   977 | D:2      | Reached XP level 3. HP: 20/29 MP: 2/2
  1143 | D:2      | Reached skill level 5 in Long Blades
  1198 | D:2      | Found a faded altar of an unknown god.
  1223 | D:2      | Upgraded the game from 0.29.0-4-gdea44cf6ec to
                  | 0.29.0-5-ge4962eb29e
  1520 | D:3      | Reached XP level 4. HP: 31/36 MP: 3/3
  1606 | D:3      | Noticed Robin
  1606 | D:3      | XOM: swap monsters
  1611 | D:3      | XOM: enchant monster (bad)
  1611 | D:3      | Killed from afar by an orc

Illustrated notes

Levels and vault maps discovered:
D:1:      onia_arrival_pyramid, layout_loops_cross,
          minmay_misc_feat_more_columns
D:2:      layout_loops_ring, chequers_ecumenical_altar_lobes,
          uniq_crazy_yiuf_cottage
D:3:      layout_loops_ring, fedhas_altar_2, uniq_robin

Skill      XL: |  1  2  3 |
---------------+----------+-----
Long Blades    | 4 5 |  5.1
Fighting       | 4 |  4.6
Staves         | |  0.7
Armour         | |  2.7
Dodging        | |  1.3

Action                   |  1- 3 |  4- 6 || total
-------------------------+-------+-------++-------
Melee: Falchion          |    46 |       ||    46
       Headbutt          |    11 |     3 ||    14
       Punch             |     1 |       ||     1
       Quarterstaff      |    24 |    12 ||    36
  Use: Scroll            |     1 |       ||     1
 Stab: Confused          |       |     1 ||     1
Armor: Leather armour    |    27 |       ||    27
       Ring mail         |     6 |     8 ||    14
Dodge: Dodged            |    60 |     8 ||    68
